 Dungeon Crawl Stone Soup version 0.31.0-2-g5a2aebc5c2 (webtiles) character file.

Game seed: 17575767852452455022

62308 tilp the Severer (level 14, 0/130 HPs)
             Began as a Minotaur Berserker on Jan 20, 2024.
             Was a High Priest of Trog.
             Killed by divine providence
             ... invoked by a meliai
              (11 damage)
             ... on level 5 of the Lair of Beasts.
             The game lasted 00:30:31 (18186 turns).

tilp the Severer (Minotaur Berserker)              Turns: 18186, Time: 00:30:31

Health: 0/130      AC: 21    Str: 35    XL:     14   Next: 63%
Magic:  13/13      EV: 13    Int:  4    God:    Trog [*****.]
Gold:   909        SH:  0    Dex: 11    Spells: 13/13 levels left

rFire   + . .        a - +0 broad axe (heavy)
rCold   . . .        m - +1 kite shield
rNeg    . . .        Q - +2 chain mail {rF+}
rPois   +            R - +2 hat
rElec   .            I - +0 cloak
rCorr   .            O - +1 pair of gloves {Str+3}
SInv    +            q - +0 pair of boots of Piluusia {SInv}
Will    +++..        F - amulet of reflection Stlth
                     p - +6 ring of strength
HPRegen 1.41/turn    H - ring of poison resistance
MPRegen 0.13/turn

%: reflection
@: confused, lethally poisoned (0 -> 0), ambrosia-drunk, strong-willed,
regenerating
A: horns 2, retaliatory headbutt
a: Renounce Religion, Berserk, Trog's Hand, Brothers in Arms


You were on level 5 of the Lair of Beasts.
You worshipped Trog.
Trog was extremely pleased with you.
You visited 2 branches of the dungeon, and saw 16 of its levels.
You also visited: Sewer, Bailey and Ice Cave.

You collected 1313 gold pieces.
You spent 404 gold pieces at shops.

Inventory:

Hand Weapons
 a - a +0 heavy broad axe (weapon)
 b - a +1 antimagic war axe
 G - a +0 heavy battleaxe
 K - a +6 antimagic battleaxe
Missiles
 h - 2 atropa-tipped darts
 k - a curare-tipped dart
 B - 3 javelins
 D - 3 boomerangs (quivered)
Armour
 m - a +1 kite shield (worn)
 q - the +0 pair of boots of Piluusia (worn) {SInv}
   (You found it on level 2 of the Dungeon)

   SInv:      It lets you see invisible.
 C - a +0 plate armour
 I - a +0 cloak (worn)
 L - the +2 scale mail of a volcano {rF+ rC+ Dex-2}
   (You found it in a bailey)

   Dex-2:     It affects your dexterity (-2).
   rF+:       It protects you from fire.
   rC+:       It protects you from cold.
 O - a +1 pair of gloves of strength (worn)
 Q - a +2 chain mail of fire resistance (worn)
 R - a +2 hat (worn)
Jewellery
 p - a +6 ring of strength (left hand)
 y - a ring of see invisible
 F - an amulet of reflection (around neck)
 H - a ring of poison resistance (right hand)
 V - a ring of fire
Talismans
 Y - a maw talisman
Wands
 d - a wand of iceblast (27)
 l - a wand of paralysis (12)
 r - a wand of flame (23)
 s - a wand of polymorph (29)
 P - a wand of mindburst (10)
Scrolls
 c - a scroll of torment
 o - 4 scrolls of blinking
 v - a scroll of butterflies
 A - 9 scrolls of teleportation
 E - 4 scrolls of poison
 N - a scroll of identify
 T - 2 scrolls of immolation
 W - a scroll of fog
Potions
 e - 2 potions of brilliance {unknown}
 f - 4 potions of curing
 g - a potion of ambrosia
 j - a potion of resistance {unknown}
 n - 2 potions of mutation
 t - 3 potions of might
 u - 4 potions of lignification
 w - a potion of berserk rage
 x - a potion of magic {unknown}
 M - 2 potions of invisibility
 S - 2 potions of attraction
 U - a potion of cancellation {unknown}
 X - 2 potions of enlightenment {unknown}
 Z - a potion of haste {unknown}
Miscellaneous
 i - a lightning rod (4/4)
 J - a phial of floods


   Skills:
 + Level 13.6 Fighting
 + Level 16.9 Axes
 - Level 8.0 Throwing
 - Level 12.0 Armour
 * Level 11.9 Dodging
 - Level 4.0 Stealth
 - Level 4.0 Shields
 - Level 8.0 Evocations


You had 13 spell levels left.
You didn't know any spells.
Your spell library was empty.

Dungeon Overview and Level Annotations

Branches:
Dungeon (11/15)            Temple (0/1) D:5            Lair (5/5) D:10
 Shoals (0/4) Lair:3        Snake (0/4) Lair:3          Orc (0/2) D:11
  Sewer (visited)          Bailey (visited)           IceCv (visited)
  Slime: Lair:4-5

Altars:
Elyvilon
Fedhas
Hepliaklqana
Nemelex Xobeh
Qazlal
Ru
Sif Muna
Vehumet

Shops:
D:2 [   D:4 *   D:6 [   D:8 *

Portals:
Abyss: D:8

Annotations:
D:8 2 transporters, mabla's ghost, novice MiFi


Innate Abilities, Weirdness & Mutations

You have a pair of horns on your head.
You reflexively headbutt those who attack you in melee.


Message History

The killer bee closely misses your troll.
The killer bee stings you but does no damage.
Your troll bites the killer bee!
Your troll claws the killer bee!!
The killer bee dies!
Trog accepts your kill.
A basilisk comes into view.
The killer bee stings your troll.
A killer bee comes into view.
The killer bee stings you but does no damage.
You hear an angry buzzing noise.
Unknown command.
Unknown command.
Unknown command.
Unknown command.
You feel sick. The killer bee stings your troll.
The killer bee barely misses your troll.
The killer bee stings your troll.
Your troll is poisoned.
The killer bee poisons your troll!
Your troll completely misses the killer bee.
Your troll misses the killer bee.
Your troll closely misses the killer bee.
The meliai calls down the wrath of its god upon you.
Something smites you!
* * * LOW HITPOINT WARNING * * *
The killer bee stings your troll.
The killer bee barely misses your troll.
The killer bee misses you.
Your troll misses the killer bee. x2
Your troll barely misses the killer bee.
The killer bee stings you but does no damage.
Unknown command.
Unknown command.
Unknown command.
Okay, then.
You feel sick. The killer bee stings your troll.
Your troll looks even sicker.
The killer bee poisons your troll! The killer bee stings your troll.
The meliai calls down the wrath of its god upon you.
Something smites you!
You die...

.....## #...###.....
♣.♣...## #...........
~♣~♣♣..####.......l..
~~♣♣♣....#..........#
~P~~~♣............###
P~~~~♣♣.............# ##
~♣~~~~~♣.........#y.#....
~~~~P~♣♣♣.#.P...yyyyl....
~~~♣~~♣ ♣######.@Tyyy..##
P~~~~~~ ##.###...#
~♣~~~~.. ### ..y.
~~~~♣...# ##.


You could see a komodo dragon, a basilisk, 2 meliai, 7 killer bees and a
friendly troll (summoned, berserk, very poisoned).

Vanquished Creatures
  Gastronok (D:10)
  Snorg (D:11)
  A hydra (Lair:2)
  2 boulder beetles
  15 death yaks
  A two-headed ogre (D:9)
  A hell hog (Lair:5)
  2 skysharks
  An orc knight (Bailey)
  A deep elf pyromancer (Bailey)
  A wolf spider (Lair:5)
  2 ugly things
  A salamander (Lair:3)
  A cyclops (D:9)
  13 elephants
  A guardian serpent (Lair:5)
  A meliai (Lair:5)
  An ice statue (IceCv)
  A merfolk siren (Lair:3)
  5 black mambas
  14 cane toads
  5 rime drakes
  8 komodo dragons
  Psyche (D:10)
  3 trolls
  10 polar bears
  3 hornets
  14 blink frogs
  5 dream sheep
  A raiju (Lair:5)
  Sigmund (D:5)
  7 wargs
  31 yaks
  11 wyverns
  2 redbacks (Lair:5)
  Eustachio (D:4)
  A human (D:11)
  4 basilisks
  A death yak simulacrum (IceCv)
  Edmund (D:6)
  2 acid dragons
  23 water moccasins
  14 hell hounds (Lair:5)
  15 black bears
  7 orc warriors
  2 ice beasts
  3 ogres
  28 wolves
  A phantom (D:7)
  A kobold brigand (D:4)
  16 bullfrogs
  2 cane toad simulacra (IceCv)
  3 scorpions
  12 wights
  An elephant simulacrum (IceCv)
  8 killer bees (Lair:5)
  2 electric eels (Lair:5)
  5 howler monkeys (D:8)
  2 lava snakes (Lair:3)
  4 jellies
  Crazy Yiuf (D:7)
  2 gnoll boudas (D:6)
  9 orc priests
  A hound (D:7)
  2 sleepcaps
  Jessica (D:3)
  Ijyb (D:3)
  19 orc wizards
  Natasha (thrice) (D:3)
  2 iguanas
  13 gnolls
  3 river rats (D:5)
  11 adders
  2 shadow imps
  A white imp (D:7)
  2 ufetubi (D:6)
  4 ribbon worms
  8 dart slugs
  51 orcs
  19 endoplasms
  13 giant cockroaches
  7 hobgoblins
  7 jackals
  4 kobolds
  5 quokkas
  11 ball pythons
  A bat (D:2)
  14 frilled lizards
  5 goblins
  3 rats
553 creatures vanquished.

Vanquished Creatures (collateral kills)
  An ugly thing (IceCv)
  2 ice statues (IceCv)
  A queen bee (Lair:5)
  2 harpy simulacra (IceCv)
  A water moccasin (Lair:5)
  3 killer bees (Lair:5)
10 creatures vanquished.

Grand Total: 563 creatures vanquished

Notes
Turn   | Place    | Note
-------+----------+-------------------------------------------
     0 | D:1      | tilp the Minotaur Berserker began the quest for the Orb.
     0 | D:1      | Reached XP level 1. HP: 19/19 MP: 0/0
   548 | D:1      | Reached XP level 2. HP: 27/27 MP: 1/1
   831 | D:1      | Reached skill level 4 in Axes
  1123 | D:2      | Found Xida's Antique Armour Boutique.
  1164 | D:2      | Bought a kite shield for 103 gold pieces
  1250 | D:2      | Reached XP level 3. HP: 21/33 MP: 2/2
  1351 | D:2      | Reached skill level 1 in Stealth
  1431 | D:2      | Reached ** piety under Trog
  1572 | D:2      | Identified the +0 pair of boots of Piluusia {SInv}
  1716 | D:2      | Reached XP level 4. HP: 40/40 MP: 3/3
  1759 | D:3      | Noticed Natasha
  1762 | D:3      | Killed Natasha
  1819 | D:3      | Noticed Jessica
  1824 | D:3      | Killed Jessica
  1825 | D:3      | Reached skill level 1 in Throwing
  1947 | D:3      | Noticed Ijyb
  1955 | D:3      | Killed Ijyb
  1956 | D:3      | Reached XP level 5. HP: 47/47 MP: 4/4
  2038 | D:3      | You fall into a shaft and drop 2 floors!
  2038 | D:5      | Entered Level 5 of the Dungeon
  2113 | D:5      | Noticed an ogre
  2121 | D:5      | Killed an ogre
  2122 | D:5      | Reached skill level 5 in Axes
  2139 | D:5      | Reached XP level 6. HP: 29/53 MP: 5/5
  2173 | D:5      | Found a radiant altar of Vehumet.
  2249 | D:5      | Noticed an ice beast
  2267 | D:5      | Killed an ice beast
  2268 | D:5      | Reached skill level 1 in Evocations
  2388 | D:5      | Found a glowing drain.
  2398 | Sewer    | Entered a sewer
  2555 | Sewer    | Reached *** piety under Trog
  2657 | Sewer    | Reached skill level 5 in Fighting
  2724 | Sewer    | Reached skill level 1 in Shields
  2724 | Sewer    | Reached XP level 7. HP: 56/61 MP: 6/6
  2753 | Sewer    | Reached skill level 6 in Axes
  3078 | D:5      | Found a shimmering blue altar of Sif Muna.
  3078 | D:5      | Noticed Sigmund
  3082 | D:5      | Killed Sigmund
  3248 | D:5      | Found a staircase to the Ecumenical Temple.
  3630 | D:4      | Reached XP level 8. HP: 69/69 MP: 7/7
  3791 | D:4      | Reached skill level 7 in Axes
  3797 | D:4      | Noticed Eustachio
  3812 | D:4      | Killed Eustachio
  3817 | D:4      | Reached skill level 5 in Armour
  3883 | D:4      | Found Learch's Mass Market.
  4166 | D:3      | Reached **** piety under Trog
  4172 | D:3      | Noticed Natasha
  4177 | D:3      | Killed Natasha
  4199 | D:3      | Noticed Natasha
  4205 | D:3      | Killed Natasha
  4218 | D:3      | Found a hazy altar of Hepliaklqana.
  4439 | D:2      | Bought a pair of gloves for 103 gold pieces
  4634 | D:6      | Found a stormy altar of Qazlal.
  4641 | D:6      | Reached skill level 8 in Axes
  4735 | D:6      | Found Fiuqilao's Armour Shop.
  4925 | D:6      | Noticed Edmund
  4932 | D:6      | Killed Edmund
  4933 | D:6      | Reached XP level 9. HP: 65/78 MP: 8/8
  4987 | D:6      | Reached skill level 5 in Dodging
  5809 | D:7      | Found a white marble altar of Elyvilon.
  5837 | D:7      | Reached skill level 9 in Axes
  6239 | D:7      | Found a runed translucent door.
  6240 | D:7      | Noticed Crazy Yiuf
  6540 | D:7      | Reached ***** piety under Trog
  6545 | D:7      | Reached skill level 10 in Axes
  6908 | D:7      | Killed Crazy Yiuf
  7020 | D:8      | Found Qupliso's Hallowed Reliquary.
  7020 | D:8      | Noticed an angel
  7138 | D:8      | Reached XP level 10. HP: 56/88 MP: 9/9
  7197 | D:8      | Found a flagged portal.
  7249 | Bailey   | Entered a bailey
  7355 | Bailey   | Noticed an orc knight
  7366 | Bailey   | Reached skill level 11 in Axes
  7372 | Bailey   | Found a large runed translucent door.
  7372 | Bailey   | Found a large runed translucent door.
  7383 | Bailey   | Killed an orc knight
  7384 | Bailey   | Noticed a deep elf pyromancer
  7549 | Bailey   | Killed a deep elf pyromancer
  7550 | Bailey   | Reached skill level 12 in Axes
  7570 | Bailey   | Identified the +2 scale mail of a volcano {rF+ rC+ Dex-2}
  7799 | D:8      | Found a transporter.
  7818 | D:8      | Found a transporter.
  7827 | D:8      | Found a one-way gate to the infinite horrors of the Abyss.
  7827 | D:8      | Noticed mabla's ghost (novice MiFi)
  7834 | D:8      | Reached skill level 13 in Axes
  8446 | D:6      | Bought a +1 pair of gloves of strength for 198 gold pieces
  8576 | D:9      | Reached skill level 14 in Axes
  8762 | D:9      | Noticed a cyclops
  8770 | D:9      | Killed a cyclops
  9048 | D:9      | Noticed a two-headed ogre
  9053 | D:9      | Killed a two-headed ogre
  9054 | D:9      | Reached skill level 15 in Axes
  9054 | D:9      | Reached XP level 11. HP: 91/94 MP: 10/10
  9111 | D:9      | Found a sacrificial altar of Ru.
  9340 | D:10     | Entered Level 10 of the Dungeon
  9340 | D:10     | Noticed Psyche
  9347 | D:10     | Killed Psyche
  9369 | D:10     | Reached skill level 16 in Axes
  9487 | D:10     | Found a sparkling altar of Nemelex Xobeh.
  9569 | D:10     | Found a blossoming altar of Fedhas.
  9636 | D:10     | Noticed Gastronok
  9648 | D:10     | Killed Gastronok
  9710 | D:10     | Found a staircase to the Lair.
 10106 | D:11     | Noticed a purple ugly thing
 10129 | D:11     | Killed a purple ugly thing
 10230 | D:11     | Received a gift from Trog
 10249 | D:11     | Found a staircase to the Orcish Mines.
 10352 | D:11     | Noticed Snorg
 10352 | D:11     | Noticed a boulder beetle
 10373 | D:11     | Killed Snorg
 10374 | D:11     | Reached skill level 5 in Throwing
 10375 | D:11     | Killed a boulder beetle
 10376 | D:11     | Reached skill level 5 in Evocations
 10962 | Lair:1   | Entered Level 1 of the Lair of Beasts
 10986 | Lair:1   | Identified the +0 scale mail "Lustreuf" {Int+2}
 11259 | Lair:1   | Reached XP level 12. HP: 91/104 MP: 3/11
 12208 | Lair:2   | Reached skill level 10 in Fighting
 12249 | Lair:2   | Found a frozen archway.
 12298 | IceCv    | Entered an ice cave
 13388 | Lair:2   | Reached XP level 13. HP: 113/116 MP: 4/12
 14029 | Lair:3   | Reached skill level 10 in Armour
 14632 | Lair:3   | Found a staircase to the Snake Pit.
 14895 | Lair:3   | Found a staircase to the Shoals.
 15130 | Lair:3   | Received a gift from Trog
 16775 | Lair:5   | Entered Level 5 of the Lair of Beasts
 16791 | Lair:5   | Reached skill level 10 in Dodging
 16792 | Lair:5   | Reached XP level 14. HP: 127/127 MP: 13/13
 16983 | Lair:5   | Paralysed by a hornet for 2 turns
 17435 | Lair:5   | Found the +7 great mace "Undeadhunter" {deathbane, rN+}
 17472 | Lair:5   | Paralysed by a hornet for 1 turns
 17617 | Lair:5   | Received a gift from Trog
 18180 | Lair:5   | HP: 6/129 [meliai/divine providence (16)]
 18186 | Lair:5   | Killed from afar by a meliai

Illustrated notes

Levels and vault maps discovered:
D:1:      nicolae_arrival_somewhat_less_tricky_arrival, layout_basic,
          st_stairs_5
D:2:      layout_rooms, serial_shops, nicolae_shop_gibbet_a_chance,
          minmay_misc_feat_enclosed, glass_columns_c
D:3:      layout_rooms, mainiacjoe_overflow_concentric_impassable, uniq_jessica,
          uniq_ijyb, uniq_natasha
D:4:      nicolae_BIG_FREAKIN_CUBE, layout_cave_pools, minmay_shop_mass,
          chequers_serial_rivers_micro_d, uniq_eustachio
D:5:      layout_loops_ring, mainiacjoe_overflow_big_doors,
          minmay_temple_entry_large_hall, gup_sewer_entry_bubbles, uniq_sigmund
D:6:      layout_basic, mainiacjoe_overflow_surrounded_room, serial_shops, shop,
          chequers_serial_rivers_marsh, corexii_hall_statues_s, uniq_edmund
D:7:      layout_loops_cross, elyvilon_altar_3, uniq_crazy_yiuf_cottage
D:8:      layout_loops_corners, gammafunk_ghost_abyssal_escape, enter_bailey_7,
          nicolae_good_shop
D:9:      layout_irregular_city, nicolae_overflow_hidden_temple
D:10:     layout_basic, amcnicky_altar_gilded, fedhas_ov_isle_minmay,
          uniq_psyche, uniq_gastronok
D:11:     layout_basic, erik_orc_4, uniq_snorg
Lair:1:   layout_concentric_octagons
Lair:2:   layout_misc_corridors, portal_ice_cave_entry_ice_simulacra,
          infiniplex_staircase_pool, grunt_megastairs_5
Lair:3:   layout_chaotic_city, minmay_shoals_entry_lonely_mermaid,
          nicolae_snake_entry_warm_welcome
Lair:4:   layout_cave_pods
Lair:5:   hangedman_lair_caniforms_friends, layout_layer_cave,
          hangedman_lair_tendril_chambers, minmay_slime_entry_pillars,
          special_room [special_room_bee], serial_bayou_lake_a, uniq_rupert

Skill      XL: |  1  2  3  4  5  6  7  8  9 10 11 12 13 14 |
---------------+-------------------------------------------+-----
Axes           | 4 5 6 8 10 15 16 | 16.9
Fighting       | 4 5 6 8 9 11 12 13 | 13.6
Stealth        | 1 2 4 |  4.0
Armour         | 3 4 5 6 7 9 10 12 | 12.0
Throwing       | 1 2 3 4 5 7 8 |  8.0
Dodging        | 3 4 6 7 8 10 11 | 11.9
Evocations     | 1 2 3 4 5 7 8 |  8.0
Shields        | 1 2 3 4 |  4.0

Action                     |  1- 3 |  4- 6 |  7- 9 | 10-12 | 13-15 || total
---------------------------+-------+-------+-------+-------+-------++-------
  Melee: Hand axe          |    82 |   146 |   117 |       |       ||   345
         Headbutt          |    12 |    30 |    57 |   103 |    62 ||   264
         War axe           |       |       |   196 |   485 |   125 ||   806
         Broad axe         |       |       |       |       |   297 ||   297
  Throw: Boomerang         |       |       |       |     2 |       ||     2
 Invoke: Berserk           |     1 |     3 |     5 |    11 |     4 ||    24
         Trog's Hand       |       |       |     1 |     5 |     5 ||    11
         Brothers in Arms  |       |       |       |     2 |     1 ||     3
  Evoke: Lightning rod     |       |       |       |       |     4 ||     4
         Wand              |       |       |       |       |     1 ||     1
    Use: Scroll            |       |    10 |     7 |     2 |     5 ||    24
         Potion            |       |       |       |     1 |     3 ||     4
   Stab: Sleeping          |     1 |     2 |       |       |       ||     3
         Distracted        |       |       |       |     1 |       ||     1
 Armour: Animal skin       |     6 |       |       |       |       ||     6
         Leather armour    |    36 |    29 |       |       |       ||    65
         Chain mail        |       |    31 |    95 |   159 |   315 ||   600
         Scale mail        |       |       |    90 |    51 |       ||   141
         Ring mail         |       |       |       |    12 |       ||    12
  Dodge: Dodged            |    42 |    44 |   126 |   133 |   176 ||   521
  Block: Kite shield       |    13 |    39 |   183 |   312 |   371 ||   918
         Reflection        |       |       |     3 |     3 |     8 ||    14
